 Dungeon Crawl Stone Soup version 0.31.0-11-ge490571c62 (webtiles) character file.

Game seed: 16933661183797320976

21 qw the Shooter (level 2, -4/16 HPs)
             Began as a Deep Elf Hunter on Feb 4, 2024.
             Slain by a gnoll
             ... wielding a +0 spear
              (6 damage)
             ... on level 2 of the Dungeon.
             The game lasted 00:00:02 (869 turns).

qw the Shooter (Deep Elf Hunter)                     Turns: 869, Time: 00:00:03

Health: -4/16      AC:  6    Str:  8    XL:     2   Next: 62%
Magic:  4/4        EV:  8    Int: 13    God:
Gold:   37         SH:  0    Dex: 18    Spells: 1/1 levels left

rFire   . . .        a - +0 shortbow
rCold   . . .        (shield currently unavailable)
rNeg    . . .        i - +0 scale mail
rPois   .            (no helmet)
rElec   .            (no cloak)
rCorr   .            (no gloves)
SInv    .            (no boots)
Will    .....        (no amulet)
Stlth   +            (no ring)
HPRegen 0.22/turn    (no ring)
MPRegen 0.09/turn

%: no passive effects
@: no status effects
A: no striking features
a: no special abilities


You were on level 2 of the Dungeon.
You visited 1 branch of the dungeon, and saw 2 of its levels.

You collected 37 gold pieces.


   Skills:
 - Level 1.5 Fighting
 + Level 6.4 Ranged Weapons
 - Level 2.4 Dodging
 - Level 1.2 Stealth


You had one spell level left.
You didn't know any spells.
Your spell library was empty.

Inventory:

Hand Weapons
 a - a +0 shortbow (weapon)
Armour
 b - the +3 salamander hide armour {Flames, rFlCloud rF++ rC--}
   (You found it on level 2 of the Dungeon)

   Flames:    It surrounds you with flame clouds and enhances your fire magic.
   rFlCloud:  It grants immunity to flame clouds.
   rF++:      It greatly protects you from fire.
   rC--:      It makes you very vulnerable to cold.
 i - a +0 scale mail (worn)
Potions
 f - a potion of haste
 k - 2 potions of heal wounds {unknown}

Dungeon Overview and Level Annotations

Branches:
Dungeon (2/15)

Altars:


Message History

You feel yourself slow down.
HP restored.
You now have 37 gold pieces (gained 9).
b - the +3 salamander hide armour {Flames, rFlCloud rF++ rC--} A malevolent force fills the Dungeon... and a teleportation trap spontaneously manifests!
You are yanked towards some nearby monsters!
Your surroundings suddenly seem different. 2 gnolls come into view.
A gnoll is wielding a +0 spear and quivering a throwing net.
Found a whip and a scroll labelled OROMONUFI.
Found a stone staircase leading up and a stone staircase leading down.
The gnoll shouts!
You hear a shout! x2
The gnoll hits you from afar with a +0 spear.
You shoot an arrow. The arrow hits the gnoll.
The gnoll is moderately wounded.
The gnoll hits you but does no damage.
The gnoll throws a throwing net.
The throwing net hits you.
You become entangled in the net!
The gnoll hits you but does no damage. The gnoll barely misses you.
You struggle against the net.
A gnoll comes into view. It is wielding a +0 flail.
The gnoll completely misses you.
The gnoll hits you from afar with a +0 spear.
You tear a large gash into the net.
The gnoll hits you with a +0 flail.
The gnoll hits you from afar with a +0 spear.
The gnoll hits you but does no damage.
You rip the net and break free!
The gnoll closely misses you. x2
A gnoll comes into view. It is wielding a +0 flail.
The gnoll closely misses you.
You shoot an arrow. The arrow barely misses the gnoll. x2
The gnoll completely misses you.
The gnoll hits you from afar with a +0 spear.
You shoot an arrow. The arrow barely misses the gnoll.
The gnoll closely misses you.
The gnoll hits you from afar with a +0 spear.
The gnoll hits you but does no damage. The gnoll hits you with a +0 flail.
The gnoll barely misses you.
The gnoll hits you from afar with a +0 spear.
You die...

#......###..
#.......##.#.###.
.#
........#.......##.
#
#...##.#.#.........
.# .....
.#.#........##.
#..........
#...)....#
#....<...#
#.....@g.#
#######g>#


gg... ..#### ... .?## ### You could see 4 gnolls.

Vanquished Creatures
  3 ball pythons
  A bat (D:1)
  2 endoplasms
  A giant cockroach (D:1)
  3 goblins (D:1)
  2 quokkas (D:1)
  2 frilled lizards (D:1)
  2 kobolds (D:1)
  3 rats (D:1)
19 creatures vanquished.

Notes
Turn   | Place    | Note
-------+----------+-------------------------------------------
     0 | D:1      | qw the Deep Elf Hunter began the quest for the Orb.
     0 | D:1      | Reached XP level 1. HP: 12/12 MP: 3/3
     0 | D:1      | 0 ||| qw: Version: 0.3-a-160-g6735b56
     0 | D:1      | 0 ||| qw: Game counter: 5629
     0 | D:1      | 0 ||| qw: Melee chars always use a shield: true
     0 | D:1      | 0 ||| qw: God list: Okawaru
     0 | D:1      | 0 ||| qw: Allow faded altars: false
     0 | D:1      | 0 ||| qw: Do Orc after clearing Dungeon:15 true
     0 | D:1      | 0 ||| qw: Do second Lair branch before Depths: true
     0 | D:1      | 0 ||| qw: Lair rune preference: random
     0 | D:1      | 0 ||| qw: Goals: Normal
     0 | D:1      | 0 ||| PLANNING D:1-11
   122 | D:1      | Reached XP level 2. HP: 16/16 MP: 4/4
   165 | D:1      | Reached skill level 6 in Ranged Weapons
   666 | D:1      | 666 ||| UPGRADING to +0 scale mail.
   676 | D:1      | 676 ||| DROPPING +0 leather armour.
   677 | D:1      | 677 ||| READING 3 scrolls labelled YSASIO HAMOLES.
   678 | D:1      | 678 ||| READING scroll labelled NUPIAPH AZOUFE.
   679 | D:1      | 679 ||| READING 2 scrolls labelled HANOUDOEBA.
   679 | D:1      | 679 ||| IDENTIFYING lumpy grey potion
   680 | D:1      | 680 ||| READING scroll of identify.
   680 | D:1      | 680 ||| IDENTIFYING smoky amethyst potion
   681 | D:1      | 681 ||| READING scroll labelled GALA URRASK.
   782 | D:1      | 782 ||| READING scroll labelled VOOREKHLI NUOMO.
   782 | D:1      | 782 ||| ENCHANTING +0 shortbow.
   783 | D:1      | 783 ||| DRINKING 2 fuming red potions.
   784 | D:1      | 784 ||| DROPPING scroll of butterflies.
   785 | D:1      | 785 ||| DROPPING 2 scrolls of fog.
   786 | D:1      | 786 ||| DROPPING potion of invisibility.
   787 | D:1      | 787 ||| DROPPING potion of attraction.
   823 | D:2      | Found the +3 salamander hide armour {Flames, rFlCloud rF++
                  | rC--}
   869 | D:2      | HP: 4/16 [gnoll/+0 spear (2)]
   869 | D:2      | Slain by a gnoll

Levels and vault maps discovered:
D:1:      dpeg_arrival_three_same_balls, layout_basic
D:2:      layout_loops_ring

Skill      XL: |  1  2 |
---------------+-------+-----
Ranged Weapons | 6 |  6.4
Fighting       | |  1.5
Dodging        | |  2.4
Stealth        | |  1.2

Action                     || total
---------------------------++-------
   Fire: Shortbow          ||    51
    Use: Scroll            ||     6
         Potion            ||     1
 Armour: Leather armour    ||     2
         Scale mail        ||    16
  Dodge: Dodged            ||    19

Table legend:
 A = Non-vault XP
 B = Vault XP
 C = Vault XP percentage of total XP
 D = Non-vault monster count
 E = Vault monster count
 F = Vault count percentage of total count
                 A         B        C        D         E       F
            +---------+---------+-------+---------+---------+-------
      Total |      30 |       0 |   0.0 |      19 |       0 |   0.0
            +---------+---------+-------+---------+---------+-------
        D:1 |      25 |       0 |   0.0 |      16 |       0 |   0.0
        D:2 |       5 |       0 |   0.0 |       3 |       0 |   0.0
            +---------+---------+-------+---------+---------+-------
